 Seeded DCSS version 0.30-a0-585-g93115170b9 (webtiles) character file.

Game seed: 72702455509857172 (custom seed)

530 purpskrrrp the Covert (level 7, 0/33 HPs)
             Began as a Spriggan Brigand on Jan 1, 2023.
             Killed from afar by an orc wizard (8 damage)
             ... with a puff of flame
             ... on level 5 of the Dungeon.
             The game lasted 00:08:28 (3914 turns).

purpskrrrp the Covert (Spriggan Brigand)            Turns: 3914, Time: 00:08:28

Health: 0/33       AC:  4    Str:  7    XL:     7   Next: 3%
Magic:  17/17      EV: 19    Int: 13    God:
Gold:   288        SH:  0    Dex: 18    Spells: 6/6 levels left

rFire   . . .      SeeInvis +    a - +3 dagger
rCold   . . .      Faith    .    (no shield)
rNeg    . . .      Spirit   .    b - +0 robe
rPois   .          Reflect  .    (helmet restricted)
rElec   .          Harm     .    c - +1 cloak
rCorr   .          Rampage  .    (gloves unavailable)
Will    +....                    (boots unavailable)
Stlth   +++++                    (no amulet)
HPRegen 0.25/turn                w - ring of magical power
MPRegen 0.15/turn                (no ring)

@: very quick
A: very small, no large weapons, unfitting armour, see invisible, speed 3
a: no special abilities


You were on level 5 of the Dungeon.
You visited 1 branch of the dungeon, and saw 5 of its levels.

You collected 288 gold pieces.

Inventory:

Hand Weapons
 a - a +3 dagger (weapon)
Missiles
 d - 13 poisoned darts
 e - 3 curare-tipped darts
 u - 4 atropa-tipped darts
Armour
 b - a +0 robe (worn)
 c - a +1 cloak (worn)
Jewellery
 j - an amulet of the acrobat
 m - a ring of protection from fire
 w - a ring of magical power (left hand)
Wands
 t - a wand of flame (13)
Scrolls
 h - a scroll of poison {unknown}
 n - a scroll of teleportation
 x - a scroll of magic mapping
Potions
 f - 2 potions of heal wounds
 g - 2 potions of degeneration {unknown}
 i - 3 potions of brilliance
 k - 4 potions of flight
 l - 3 potions of might {unknown}
 p - a potion of attraction {unknown}
 q - a potion of resistance
 r - a potion of mutation {unknown}
 s - 3 potions of curing
 v - a potion of lignification {unknown}


   Skills:
 - Level 1.5 Fighting
 + Level 4.5 Short Blades
 - Level 2.0 Throwing
 + Level 4.9 Dodging
 * Level 10.1 Stealth


You had 6 spell levels left.
You didn't know any spells.
Your spell library contained the following spells:

 Spells                   Type           Power      Damage    Failure   Level
 Apportation              Tloc           0%         N/A       30%         1
 Necrotise                Necr           0%         1d4       30%         1
 Summon Small Mammal      Summ           0%         N/A       30%         1
 Ignite Poison            Fire/Tmut/Pois 0%         N/A       67%         3
 Sticky Flame             Conj/Fire      0%         2d3       97%         4
 Summon Lightning Spire   Summ/Air       0%         N/A       97%         4
 Storm Form               Tmut/Air       0%         N/A       100%        7
 Ignition                 Fire           0%         3d3       100%        8
 Maxwell's Capacitive Co  Air            0%         ∞         100%        8


Dungeon Overview and Level Annotations

Branches:
Dungeon (5/15)
 Temple: D:4-7

Altars:
Cheibriados

Shops:
D:2 =

Annotations:
D:5 2 transporters


Innate Abilities, Weirdness & Mutations

You are very small and have problems with some larger weapons.
You are too small for most types of armour.
You have supernaturally acute eyesight. (SInv)
You cover ground extremely quickly. (Speed+++)


Message History

The orc is severely wounded.
The orc closely misses you.
The orc priest calls down the wrath of Beogh upon you.
You resist with significant effort.
The orc wizard hits you but does no damage.
The orc barely misses you.
You hit the orc but do no damage.
The orc is severely wounded.
The orc completely misses you.
An orc wizard comes into view. It is wielding a +0 dagger.
The orc wizard closely misses you. The orc completely misses you.
The orc wizard shouts!
You hit the orc.
You kill the orc!
The orc barely misses you. The orc wizard misses you.
The orc priest calls down the wrath of Beogh upon you.
Beogh smites you!
* * * LOW HITPOINT WARNING * * *
The orc wizard points at you and mumbles some strange words.
The magic dart hits you.
* * * LOW HITPOINT WARNING * * *
An orc priest comes into view. It is wielding a +0 club.
You are too injured to fight recklessly!
You are too injured to fight recklessly!
You are too injured to fight recklessly!
You are too injured to fight recklessly!
You are too injured to fight recklessly!
You are too injured to fight recklessly!
You are too injured to fight recklessly!
You are too injured to fight recklessly!
You are too injured to fight recklessly!
You are too injured to fight recklessly!
You are too injured to fight recklessly!
You are too injured to fight recklessly!
You are too injured to fight recklessly!
An orc comes into view. It is wielding a +0 dagger.
The orc wizard hits you but does no damage.
The orc wizard gestures at you while chanting.
The puff of flame hits you!
You die...

..##..##.###..##..#
..##########..##..##
..#............#...#
..#............+...+
..#......##...##...#
..#......##'####..## .#
..##.....##.......## .##
'###.....##).......+ ...#
..............##@.##....#
..............##..##...#
..####...##...##.:.....##
######...#######oo......#
....+........o....##...##
....#............)# #+##
....# ..oo........ ....#
.o........# ....#
##........#


You could see an orc wizard and an orc.

Vanquished Creatures
  A centaur (D:5)
  2 vampire bats (D:4)
  A howler monkey (D:4)
  2 hounds (D:5)
  An orc priest (D:5)
  A jelly (D:5)
  Ijyb (D:4)
  An iguana (D:4)
  3 gnolls (D:3)
  4 adders
  An ufetubus (D:4)
  2 worms
  A dart slug (D:2)
  4 orcs
  8 ball pythons
  9 bats
  6 endoplasms
  4 giant cockroaches
  7 goblins
  9 hobgoblins
  7 jackals
  3 kobolds
  2 quokkas (D:3)
  A frilled lizard (D:1)
  6 rats
87 creatures vanquished.

Notes
Turn   | Place    | Note
-------+----------+-------------------------------------------
     0 | D:1      | purpskrrrp the Spriggan Brigand began the quest for the
                  | Orb.
     0 | D:1      | Reached XP level 1. HP: 10/10 MP: 2/2
    54 | D:1      | Reached skill level 6 in Stealth
    95 | D:1      | Reached XP level 2. HP: 14/14 MP: 3/3
   428 | D:1      | Reached XP level 3. HP: 18/18 MP: 4/4
   747 | D:2      | Reached skill level 7 in Stealth
   796 | D:2      | Found Hoageitz's Jewellery Emporium.
  1033 | D:2      | Found a snail-covered altar of Cheibriados.
  1267 | D:3      | Reached XP level 4. HP: 22/22 MP: 5/5
  2416 | D:4      | Noticed Ijyb
  2431 | D:4      | Paralysed by Ijyb for 3 turns
  2440 | D:4      | Paralysed by Ijyb for 2 turns
  2522 | D:4      | Reached skill level 8 in Stealth
  2522 | D:4      | Reached XP level 5. HP: 25/25 MP: 6/6
  2593 | D:4      | Reached XP level 6. HP: 26/30 MP: 7/7
  2746 | D:4      | Killed Ijyb
  2747 | D:4      | Reached skill level 9 in Stealth
  3310 | D:5      | Entered Level 5 of the Dungeon
  3608 | D:5      | Noticed an ice beast
  3612 | D:5      | Found a transporter.
  3731 | D:5      | Found a transporter.
  3806 | D:5      | Reached skill level 10 in Stealth
  3901 | D:5      | Reached XP level 7. HP: 31/33 MP: 8/8
  3914 | D:5      | Killed from afar by an orc wizard

Illustrated notes

Levels and vault maps discovered:
D:1:      dpeg_arrival_rooms_with_view, layout_rooms, minmay_worlds_worst_comb
D:2:      layout_rooms, basic_altar, serial_shops, nicolae_shop_window_shopping,
          minmay_tetromino_i2, uniq_crazy_yiuf_cottage
D:3:      layout_basic, small_statue_intersection
D:4:      wad_lake_hut, layout_basic, st_stairs_7, roderic_batcave, uniq_ijyb
D:5:      gammafunk_steamed_eel, layout_gridville

Skill      XL: |  1  2  3  4  5  6 |
---------------+-------------------+-----
Stealth        | 6 7 8 10 | 10.1
Dodging        | 2 3 4 |  4.9
Short Blades   | 3 4 |  4.5
Fighting       | |  1.5
Throwing       | |  2.0

Action                   |  1- 3 |  4- 6 |  7- 9 || total
-------------------------+-------+-------+-------++-------
Melee: Dagger            |   116 |   244 |     8 ||   368
       Punch             |     2 |     1 |       ||     3
Throw: Dart              |     4 |       |       ||     4
  Use: Potion            |     1 |     2 |       ||     3
       Scroll            |     3 |    11 |       ||    14
 Stab: Sleeping          |    10 |     9 |       ||    19
       Invisible         |     2 |     2 |       ||     4
       Distracted        |       |     1 |       ||     1
Armor: Robe              |    10 |    49 |     3 ||    62
Dodge: Dodged            |    78 |   263 |     9 ||   350

Table legend: (Time is in decaauts)
 A = Elapsed time spent in this place.
 B = Non-inter-level travel time spent in this place.
 C = Inter-level travel time spent in this place.
 D = Time resting spent in this place.
 E = Time spent auto-exploring this place.
 F = Levels seen in this place.
 G = Mean time per level.
                   A        B        C        D        E       F      G
               +--------+--------+--------+--------+--------+-----+--------+
         Total |   2811 |   2693 |    118 |    363 |   1595 |   5 |  562.2 |
       Dungeon |   2811 |   2693 |    118 |    363 |   1595 |   5 |  562.2 |
               +--------+--------+--------+--------+--------+-----+--------+

Top non-repeatable levels by time:
     D:4: 915 daAuts
     D:3: 674 daAuts
     D:1: 471 daAuts
     D:5: 376 daAuts
     D:2: 374 daAuts
